 Dungeon Crawl Stone Soup version 0.30-a0-39-g42789b21ef (webtiles) character file.

Game seed: 4003904497331178491

38864 frimble the Carver (level 13, -18/97 (109) HPs)
             Began as a Demonspawn Cinder Acolyte on Aug 29, 2022.
             Was an Initiate of Ignis.
             Killed from afar by a revenant (54 damage)
             ... with a ghostly fireball
             ... on level 2 of the Abyss.
             The game lasted 00:34:02 (14146 turns).

frimble the Carver (Demonspawn Cinder Acolyte)     Turns: 14146, Time: 00:34:03

HP:   -18/97 (109)  AC: 19    Str: 14 (15) XL:     13   Next: 66%
MP:   16/21         EV: 12    Int: 20 (21) God:    Ignis [......]
Gold: 888           SH:  0    Dex: 12      Spells: 16/26 levels left

rFire   + . .      SeeInvis .    b - +10 falchion of Compassion {flame, Dex+4}
rCold   . . .      Faith    .    (no shield)
rNeg    . . .      Spirit   .    D - +3 troll leather armour
rPois   .          Reflect  .    c - +2 hat
rElec   .          Harm     .    r - scarf {repulsion}
rCorr   .          Rampage  .    n - +1 pair of gloves
Will    .....                    (no boots)
Stlth   +++.......               B - amulet of magic regeneration
HPRegen 1.06/turn                g - +4 ring of protection
MPRegen 0.57/turn                l - +4 ring of protection

@: mighty, about to teleport, heavily drained, repel missiles
A: antennae 2, spiny 2, big brain 3, demonic magic 1, [clumsy 2], [deterioration
1], [dopey 1], [low MP 1]
a: Renounce Religion, Rising Flame


You were on level 2 of the Abyss.
You worshipped Ignis.
Ignis was noncommittal.
You visited 2 branches of the dungeon, and saw 15 of its levels.
You visited the Abyss 1 time.
You also visited: Trove, Bailey and Gauntlet.

You collected 1140 gold pieces.
You spent 252 gold pieces at shops.

Inventory:

Hand Weapons
 a - a +4 demon blade of electrocution
 b - the +10 falchion of Compassion (weapon) {flame, Dex+4}
   (You found it in a treasure trove)

   It burns those it strikes, dealing additional fire damage.
   Big, fiery blades are also staple armaments of hydra-hunters.
   Dex:       It affects your dexterity (+4).
 L - the +11 plutonium sword {Contam Stlth-}
   (You found it in a treasure trove)

   It occasionally inflicts wild transmutation effects on those it strikes,
   inflicting malmutation or extra damage, or polymorphing them into a new form.
   Contam:    It causes magical contamination when unequipped.
   Stlth:     It makes you less stealthy.
 M - a +1 vorpal double sword
 P - a +7 vorpal triple sword
Missiles
 E - a throwing net
 F - a curare-tipped dart
Armour
 c - a +2 hat (worn)
 n - a +1 pair of gloves (worn)
 r - a scarf of repulsion (worn)
 D - a +3 troll leather armour (worn)
 G - a +0 kite shield
Jewellery
 g - a +4 ring of protection (left hand)
 l - a +4 ring of protection (right hand)
 m - a ring of ice
 s - a +4 ring of evasion
 B - an amulet of magic regeneration (around neck)
 J - a ring of see invisible
 K - a ring of protection from cold
Wands
 j - a wand of mindburst (3)
 o - a wand of digging (5)
 p - a wand of roots (8)
 y - a wand of flame (13)
 I - a wand of quicksilver (5)
Scrolls
 e - 6 scrolls of fear
 f - a scroll of blinking
 v - a scroll of magic mapping
 z - 5 scrolls of teleportation
 H - 6 scrolls of identify
 N - a scroll of vulnerability
 O - 3 scrolls of fog
Potions
 d - 9 potions of curing
 h - 2 potions of mutation
 i - a potion of lignification
 k - 2 potions of magic
 q - 2 potions of invisibility {unknown}
 t - 2 potions of ambrosia
 u - 2 potions of brilliance
 w - a potion of cancellation {unknown}
 x - a potion of degeneration {unknown}
 A - a potion of flight {unknown}


   Skills:
 - Level 12.3 Fighting
 - Level 14.0 Long Blades
 + Level 2.8 Dodging
 - Level 7.0 Stealth
 - Level 6.2 Unarmed Combat
 - Level 7.0 Spellcasting
 + Level 9.9 Fire Magic
 - Level 5.0 Evocations


You had 16 spell levels left.
You knew the following spells:

 Your Spells              Type           Power      Damage    Failure   Level
a - Scorch                Fire           92%        2d10      1%          2
b - Ignition              Fire           23%        3d8       99%         8

Your spell library contained the following spells:

 Spells                   Type           Power      Damage    Failure   Level
 Ensorcelled Hibernation  Hex/Ice        14%        N/A       8%          2
 Dazzling Flash           Conj/Hex       14%        N/A       14%         3
 Spider Form              Tmut/Pois      7%         N/A       14%         3
 Fireball                 Conj/Fire      13%        3d7       17%         5
 Anguish                  Hex/Necr       3%         N/A       41%         4
 Corpse Rot               Necr/Pois/Air  7%         N/A       41%         4
 Dispel Undead            Necr           7%         3d8       41%         4
 Fulminant Prism          Conj/Hex       3%         3d6       41%         4
 Ice Form                 Ice/Tmut       7%         N/A       41%         4
 Iskenderun's Mystic Bla  Conj/Tloc      7%         2d4       41%         4
 Starburst                Conj/Fire      13%        6d5       65%         6
 Agony                    Necr           7%         N/A       75%         5
 Freezing Cloud           Conj/Ice/Air   3%         6-21      75%         5
 Lee's Rapid Deconstruct  Erth           3%         3d6*      75%         5
 Silence                  Hex/Air        3%         N/A       75%         5
 Summon Forest            Summ/Tloc      3%         N/A       75%         5
 Summon Mana Viper        Hex/Summ       7%         N/A       75%         5
 Death Channel            Necr           3%         N/A       99%         6
 Summon Cactus Giant      Summ           3%         N/A       99%         6


Dungeon Overview and Level Annotations

Branches:
Dungeon (14/15)            Temple (0/1) D:6            Lair (1/5) D:11
 Bailey (visited)         Gauntlet (visited)
    Orc: D:9-12      Vaults: D:13-14

Altars:
Cheibriados
Kikubaaqudgha
Sif Muna
Trog
Uskayaw

Shops:
D:5 *   D:10 (   D:14 ?

Annotations:
D:14 exclusions: 2 ogres, ogre mage, two-headed ogre and 1 more exclusion Gauntlet 15 transporters


Innate Abilities, Weirdness & Mutations

You have a pair of antennae on your head.
You are mostly covered in sharp spines.
You have an absolutely massive brain. (Int +6, Wiz)
Spells you cast may paralyse adjacent enemies.
[You are very clumsy. (Dex -4)]
[Your body sometimes deteriorates upon taking damage.]
[You are dopey. (Int -2)]
[Your magical capacity is low. (-10% MP)]


Message History

The revenant is lightly damaged.
You are engulfed in spectral mist.
The spectral shard shrike is struck by your spines.
The spectral shard shrike claws you but does no damage.
The spectral anaconda is struck by your spines.
The spectral anaconda barely misses you.
The spectral shard shrike is struck by your spines.
The spectral shard shrike misses you.
You slash the revenant! You burn the revenant.
The revenant is moderately damaged.
You are engulfed in spectral mist.
The spectral shard shrike claws you but does no damage.
The spectral anaconda is struck by your spines.
The spectral anaconda barely misses you.
The spectral shard shrike claws you. The revenant is struck by your spines.
The revenant hits you! The spectral ettin hits you.
* * * LOW HITPOINT WARNING * * *
The spectral ettin hits you.
* * * LOW HITPOINT WARNING * * *
Blink to where?
Press: ? - help, Dir - move target
As you read the scroll of blinking, it crumbles to dust.
As you read the scroll of teleportation, it crumbles to dust.
You feel strangely unstable.
You feel the power of the Abyss delaying your translocation!
The spectral shard shrike is struck by your spines.
The spectral shard shrike closely misses you.
You feel better.
The revenant is no longer more vulnerable to fire.
The spectral shard shrike claws you!
* * * LOW HITPOINT WARNING * * *
The spectral shard shrike claws you but does no damage.
The spectral shard shrike is struck by your spines.
The spectral shard shrike claws you but does no damage.
You feel better.
The spectral shard shrike fades away!
The revenant lashes out with ghostly flames.
The ghostly flame explodes!
The ghostly fireball engulfs you!!!
You feel drained.
Ouch! That really hurt!
You die...

## { ##.#### ##
##.##..##
###.#.###..z.Z°○#
...#....@#..##○°###
. #.#...###.# #☼°Z
#
...........##..###
#.....##.##. .## #
. #... ....##
.....# ..###. ##.
....# # #. #.. #.
##..#....## # .#.
#..#.# .. # . # .#
... #


You could see a revenant and a spectral centaur warrior (summoned).

Vanquished Creatures
  An orc warlord (Bailey)
  5 boulder beetles
  4 centaur warriors
  2 two-headed ogres (D:10)
  A tengu warrior (D:14)
  A thrashing horror (Abyss:2)
  2 wretched stars (Abyss:2)
  A sixfirhy (Abyss:2)
  2 orc knights (Bailey)
  3 deep elf pyromancers
  2 ugly things
  3 cyclopes
  3 manticores
  A centaur zombie (Abyss:2)
  An unseen horror (D:10)
  A kobold demonologist (D:8)
  A naga skeleton (Abyss:2)
  2 tengu conjurers
  A freezing wraith (D:14)
  5 trolls
  2 large abominations (Abyss:2)
  Prince Ribbit (D:5)
  5 slime creatures (D:14)
  2 raiju (Abyss:2)
  3 blink frogs (Abyss:2)
  2 wraiths
  A shadow (D:12)
  3 ynoxinuls (Abyss:2)
  A wyvern (Lair:1)
  A basilisk (D:12)
  14 yaks
  7 vampire mosquitoes
  Menkaure (D:4)
  Duvessa (D:4)
  2 water moccasins
  An ice beast (D:7)
  12 orc warriors
  2 black bears
  4 ogres
  8 centaurs
  2 kobold brigands
  A phantom (D:6)
  An earth elemental (Abyss:2)
  4 bullfrogs
  4 necrophages
  A gnoll sergeant (D:10)
  4 scorpions
  4 wights (D:6)
  Dowan (D:4)
  2 howler monkeys
  A jelly (D:4)
  A gnoll bouda (D:3)
  A hound (D:5)
  6 orc priests
  4 iguanas
  Ijyb (D:3)
  Terence (D:3)
  Natasha (twice) (D:4)
  4 orc wizards
  12 gnolls
  4 adders
  2 shadow imps (D:5)
  A white imp (D:5)
  A worm (D:3)
  2 dart slugs
  28 orcs
  8 endoplasms
  4 giant cockroaches
  16 hobgoblins
  3 jackals
  6 quokkas
  3 training dummies (D:10)
  8 ball pythons
  5 bats
  3 frilled lizards
  9 goblins
  19 kobolds
  9 rats
303 creatures vanquished.

Vanquished Creatures (others)
  A thrashing horror (Abyss:2)
  42 foxfires
  15 fungi
  A lurking horror (Abyss:2)
  15 plants
74 creatures vanquished.

Grand Total: 377 creatures vanquished

Notes
Turn   | Place    | Note
-------+----------+-------------------------------------------
     0 | D:1      | frimble the Demonspawn Cinder Acolyte began the quest for
                  | the Orb.
     0 | D:1      | Reached XP level 1. HP: 18/18 MP: 2/2
   167 | D:1      | Gained mutation: You are partially covered in sharp spines.
                  | [demonic ancestry]
   167 | D:1      | Reached XP level 2. HP: 22/24 MP: 3/3
   226 | D:1      | Learned a level 2 spell: Scorch
  1243 | D:2      | Gained mutation: You are mostly covered in sharp spines.
                  | [demonic ancestry]
  1243 | D:2      | Reached XP level 3. HP: 23/29 MP: 4/4
  1737 | D:2      | Found a faded altar of an unknown god.
  1983 | D:3      | Reached XP level 4. HP: 27/35 MP: 1/5
  2187 | D:3      | Found a shimmering blue altar of Sif Muna.
  2222 | D:3      | Noticed Terence
  2229 | D:4      | Noticed Dowan
  2229 | D:4      | Noticed Duvessa
  2297 | D:5      | Entered Level 5 of the Dungeon
  2364 | D:5      | Reached XP level 5. HP: 35/41 MP: 6/6
  2422 | D:5      | Found a hide-covered altar of Uskayaw.
  2448 | D:5      | Found an ancient bone altar of Kikubaaqudgha.
  2543 | D:5      | Reached XP level 6. HP: 29/47 MP: 0/7
  2782 | D:5      | Reached skill level 5 in Unarmed Combat
  2782 | D:5      | Reached skill level 5 in Fire Magic
  3005 | D:5      | Noticed Prince Ribbit
  3028 | D:5      | Killed Prince Ribbit
  3029 | D:5      | Gained mutation: You have an unusually large brain. (Int
                  | +2) [demonic ancestry]
  3029 | D:5      | Reached XP level 7. HP: 35/52 MP: 0/8
  3526 | D:5      | Found Cadghiorr's Overcharged Wands.
  4129 | D:4      | Noticed Menkaure
  4138 | D:4      | Killed Menkaure
  4196 | D:4      | Noticed Natasha
  4590 | D:6      | Gained mutation: Spells you cast may paralyse adjacent
                  | enemies. [demonic ancestry]
  4590 | D:6      | Reached XP level 8. HP: 60/60 MP: 6/11
  4760 | D:6      | Reached skill level 5 in Fighting
  5575 | D:6      | Found a staircase to the Ecumenical Temple.
  5837 | D:7      | Gained mutation: You have a pair of small antennae on your
                  | head. [demonic ancestry]
  5837 | D:7      | Reached XP level 9. HP: 64/75 MP: 3/12
  6398 | D:8      | Noticed a two-headed ogre
  6402 | D:8      | Noticed a centaur warrior
  6530 | D:4      | Killed Dowan
  6553 | D:4      | Killed Duvessa
  7013 | D:4      | Found a snail-covered altar of Cheibriados.
  7073 | D:4      | Killed Natasha
  7272 | D:3      | Noticed Ijyb
  7285 | D:3      | Killed Ijyb
  7286 | D:3      | Killed Terence
  7287 | D:3      | Reached skill level 1 in Evocations
  7620 | D:4      | Noticed Natasha
  7627 | D:4      | Killed Natasha
  7775 | D:8      | Noticed a tengu warrior
  8056 | D:8      | Noticed a centaur warrior
  8066 | D:8      | Killed a centaur warrior
  8067 | D:8      | Reached skill level 5 in Evocations
  8081 | D:8      | Noticed a boulder beetle
  8084 | D:8      | Noticed a tengu conjurer
  8090 | D:8      | Killed a tengu conjurer
  8096 | D:8      | Killed a boulder beetle
  8097 | D:8      | Reached XP level 10. HP: 22/83 MP: 5/13
  8171 | D:8      | Reached skill level 5 in Stealth
  8539 | D:8      | Killed a centaur warrior
  8540 | D:8      | Reached skill level 4 in Long Blades
  8676 | D:9      | Reached skill level 5 in Long Blades
  8696 | D:9      | Reached skill level 6 in Long Blades
  8939 | D:9      | Reached skill level 7 in Long Blades
  9714 | D:9      | Reached skill level 8 in Long Blades
  9921 | D:9      | Learned a level 8 spell: Ignition
  9933 | D:10     | Entered Level 10 of the Dungeon
  9939 | D:10     | Found a flagged portal.
  9946 | D:10     | Noticed a two-headed ogre
  9956 | Bailey   | Entered a bailey
 10151 | Bailey   | Noticed an orc knight
 10173 | Bailey   | Killed an orc knight
 10174 | Bailey   | Gained mutation: You have a pair of antennae on your head.
                  | [demonic ancestry]
 10174 | Bailey   | Reached XP level 11. HP: 58/89 MP: 10/17
 10265 | Bailey   | Reached skill level 9 in Long Blades
 10310 | Bailey   | Noticed an orc knight
 10310 | Bailey   | Noticed an orc warlord
 10328 | Bailey   | Killed an orc knight
 10369 | Bailey   | Killed an orc warlord
 10370 | Bailey   | Reached skill level 10 in Long Blades
 10370 | Bailey   | Reached skill level 5 in Spellcasting
 10505 | Bailey   | Reached skill level 14 in Long Blades
 10505 | Bailey   | Gained mutation: You have an extremely huge brain. (Int +4)
                  | [demonic ancestry]
 10505 | Bailey   | Reached XP level 12. HP: 96/96 MP: 20/20
 10588 | D:10     | Killed a two-headed ogre
 10726 | D:10     | Found Hadwymuf's Firing Range.
 11129 | D:10     | Noticed a two-headed ogre
 11133 | D:10     | Killed a two-headed ogre
 11335 | D:11     | Reached skill level 10 in Fighting
 11398 | D:11     | You fall into a shaft and drop 3 floors!
 11402 | D:14     | Got the Vellum of the Blizzard and the Pyre
 11427 | D:14     | Found a bloodstained altar of Trog.
 11485 | D:14     | Noticed a boulder beetle
 11502 | D:14     | Noticed a tengu warrior
 11513 | D:14     | Killed a tengu warrior
 11515 | D:14     | Killed a boulder beetle
 11554 | D:13     | Noticed a boulder beetle
 11554 | D:13     | Noticed a centaur warrior
 11561 | D:14     | Found Huynausi's Magic Scroll Shoppe.
 11583 | D:14     | Bought a scroll of teleportation for 42 gold pieces
 11583 | D:14     | Bought a scroll of blinking for 105 gold pieces
 11583 | D:14     | Bought a scroll of enchant weapon for 105 gold pieces
 11660 | D:14     | Noticed a two-headed ogre
 11661 | D:14     | Noticed an ogre mage
 11741 | D:14     | Noticed a boulder beetle
 11788 | D:14     | Noticed an eight-headed hydra
 11876 | D:14     | Noticed a centaur warrior
 11885 | D:14     | Killed a centaur warrior
 12076 | D:14     | Gained mutation: You have an absolutely massive brain. (Int
                  | +6, Wiz) [demonic ancestry]
 12076 | D:14     | Reached XP level 13. HP: 91/106 MP: 23/23
 12787 | D:11     | Found a staircase to the Lair.
 12831 | D:11     | Found a portal to a secret trove of treasure.
 12835 | Trove    | Entered a treasure trove
 12851 | Trove    | Found the +11 plutonium sword {Contam Stlth-}
 12865 | Trove    | Identified the +10 falchion of Compassion {flame, Dex+4}
 12913 | Trove    | Identified the +10 great sword "Dragonslayer" {vorpal,
                  | rElec Will+ MP-9}
 13004 | Lair:1   | Entered Level 1 of the Lair of Beasts
 13030 | Lair:1   | Found a gate leading to a gauntlet.
 13044 | Gauntlet | Entered a Gauntlet
 13044 | Gauntlet | Found a transporter.
 13044 | Gauntlet | Found a transporter.
 13049 | Gauntlet | Found a transporter.
 13064 | Gauntlet | Found a transporter.
 13082 | Gauntlet | Found a transporter.
 13091 | Gauntlet | Found a transporter.
 13107 | Gauntlet | Found a transporter.
 13173 | Gauntlet | Found a transporter.
 13188 | Gauntlet | Found a transporter.
 13202 | Gauntlet | Found a transporter.
 13215 | Gauntlet | Found a transporter.
 13231 | Gauntlet | Found a transporter.
 13231 | Gauntlet | Found the +3 giant club "Skullcrusher" {speed, Str+7}
 13298 | Gauntlet | Found a transporter.
 13314 | Gauntlet | Found a transporter.
 13342 | Gauntlet | Found a transporter.
 13352 | Gauntlet | Found a transporter.
 13382 | Abyss:2  | Cast into level 2 of the Abyss (a wizard)
 13573 | Abyss:2  | Noticed a dread lich
 13747 | Abyss:2  | Reached skill level 1 in Dodging
 13853 | Abyss:2  | Noticed an eidolon
 14119 | Abyss:2  | Noticed a revenant
 14137 | Abyss:2  | Noticed a spectral shard shrike
 14146 | Abyss:2  | Killed from afar by a revenant

Illustrated notes

Levels and vault maps discovered:
D:1:      nicolae_arrival_memento_mori, layout_basic
D:2:      layout_rooms, ebering_ecumenical_altar_webs, kennysheep_cluttered_room
D:3:      layout_basic, nicolae_sif_muna_condensation, minmay_surrounded,
          uniq_ijyb, uniq_terence
D:4:      nicolae_BIG_FREAKIN_CUBE, layout_loops_cross, lemuel_tele_altar,
          uniq_menkaure, uniq_duvessa, uniq_natasha
D:5:      layout_loops_corners, mainiacjoe_overflow_catwalk_spiral,
          nicolae_shop_overcharged_wands, uniq_prince_ribbit1
D:6:      layout_cave_pods, temple_hall, hangedman_decor_clover_reticule
D:7:      minmay_general_purpose_star, layout_cave_pools
D:8:      minmay_cut_squares, layout_gridville, mainiacjoe_overflow_paths,
          serial_glass, glass_columns_a, glass_columns_a, glass_columns_c,
          glass_columns_c, glass_columns_a, glass_columns_b, glass_columns_a,
          glass_columns_b, glass_columns_a, glass_columns_c, glass_columns_a,
          glass_columns_b, glass_columns_c, glass_columns_a, minmay_evil_grid
D:9:      layout_long_grid, roderic_cross_of_infinity
D:10:     layout_gridville, enter_bailey_2, nicolae_shop_firing_range
D:11:     layout_cave_pools, grunt_lair_entry_orc_guard_hut, orc_0_dummy,
          portal_ice_cave_entry_ice_simulacra, enter_trove_6,
          grunt_decor_junction, nicolae_ru_awakened_eye
D:12:     layout_rooms, minmay_splitting_lines
D:13:     layout_rooms, david_vaults_1, st_stairs_10,
          nicolae_tso_swordbearing_angel
D:14:     layout_irregular_city, serial_shops, shop,
          chequers_serial_rivers_micro_d, trog_three_pillars_becter
Lair:1:   layout_regular_city, gauntlet_entry_generic, uniq_urug, uniq_gastronok
Abyss:2:  base: IceCv, kilobyte_mutagenic_chamber
Gauntlet: gammafunk_gauntlet_branching [gammafunk_gauntlet_arena_mazey,
          gammafunk_gauntlet_arena_crates,
          gammafunk_gauntlet_arena_arrow_garden, nicolae_gauntlet_swirl,
          nicolae_gauntlet_arena_grate_2, nicolae_gauntlet_arena_t_cross,
          nicolae_gauntlet_arena_quarters, nicolae_gauntlet_arena_flowing_pool,
          nicolae_gauntlet_exit_dead_adventurers]

Skill      XL: |  1  2  3  4  5  6  7  8  9 10 11 12 13 |
---------------+----------------------------------------+-----
Unarmed Combat | 3 4 5 6 |  6.2
Fire Magic     | 3 4 5 6 7 9 |  9.9
Spellcasting   | 2 4 5 7 |  7.0
Fighting       | 4 8 9 11 12 | 12.3
Evocations     | 5 |  5.0
Stealth        | 4 5 6 7 |  7.0
Long Blades    | 8 14 | 14.0
Dodging        | 2 |  2.8

Action                   |  1- 3 |  4- 6 |  7- 9 | 10-12 | 13-15 || total
-------------------------+-------+-------+-------+-------+-------++-------
Melee: Unarmed           |    94 |    55 |   144 |     4 |       ||   297
       Punch             |     1 |     1 |     4 |    11 |    12 ||    29
       Demon blade       |       |       |       |   291 |   128 ||   419
       Falchion          |       |       |       |       |    72 ||    72
 Cast: Scorch            |     7 |    12 |    60 |    81 |    71 ||   231
Invok: Fiery Armour      |       |     1 |     3 |     2 |       ||     6
       Foxfire Swarm     |       |       |     1 |     1 |       ||     2
Evoke: Wand              |       |       |     4 |     5 |       ||     9
  Use: Scroll            |     8 |     3 |    10 |     7 |     7 ||    35
       Potion            |       |     1 |     2 |     4 |     3 ||    10
 Stab: Sleeping          |     1 |       |     5 |     2 |       ||     8
       Paralysed         |       |       |    18 |    45 |    28 ||    91
Armor: Robe              |    18 |    21 |    44 |    22 |       ||   105
       Troll leather arm |       |       |       |    83 |   111 ||   194
Dodge: Dodged            |    52 |    28 |    59 |   129 |   123 ||   391
       Repelled          |       |       |       |       |     2 ||     2

Table legend: (Time is in decaauts)
 A = Elapsed time spent in this place.
 B = Non-inter-level travel time spent in this place.
 C = Inter-level travel time spent in this place.
 D = Time resting spent in this place.
 E = Time spent auto-exploring this place.
 F = Levels seen in this place.
 G = Mean time per level.
                   A        B        C        D        E       F      G
               +--------+--------+--------+--------+--------+-----+--------+
         Total |  13977 |  13414 |    563 |   1102 |   9329 |  19 |  735.6 |
       Dungeon |  12145 |  11582 |    563 |    933 |   8562 |  14 |  867.5 |
          Lair |     36 |     36 |      0 |      0 |      0 |   1 |   36.0 |
         Abyss |    734 |    734 |      0 |    103 |    118 |   1 |  734.0 |
         Trove |    108 |    108 |      0 |      0 |     54 |   1 |  108.0 |
        Bailey |    615 |    615 |      0 |     66 |    295 |   1 |  615.0 |
      Gauntlet |    336 |    336 |      0 |      0 |    300 |   1 |  336.0 |
               +--------+--------+--------+--------+--------+-----+--------+

Top non-repeatable levels by time:
     D:5: 1662 daAuts
     D:4: 1474 daAuts
     D:6: 1303 daAuts
     D:9: 1288 daAuts
     D:1: 1091 daAuts
    D:14: 908 daAuts
     D:8: 861 daAuts
     D:7: 820 daAuts
     D:2: 815 daAuts
    D:10: 744 daAuts
 Abyss:2: 734 daAuts
  Bailey: 615 daAuts
     D:3: 587 daAuts
Gauntlet: 336 daAuts
    D:11: 203 daAuts
